[Event "32nd Open Cappelle-la-Grande"]
[Site "Cappelle-la-Grande"]
[Date "2016.02.18"]
[Round "7"]
[White "Sasikiran, Krishnan"]
[Black "Delorme, Axel"]
[Result "1-0"]
[ECO "C93"]
[WhiteElo "2632"]
[BlackElo "2512"]
[PlyCount "77"]
[EventDate "2016.??.??"]
[EventCountry "FRA"]
[TimeControl "40/5400+30:1800+30"]

1. e4 e5 2. Nf3 Nc6 3. Bb5 a6 4. Ba4 Nf6 5. O-O Be7 6. Re1 b5 7. Bb3 d6 8. c3 O-O 9. h3 Bb7 10. d4 Re8 11. Nbd2 Bf8 12. a3 h6 13.
Bc2 Nb8 14. b4 Nbd7 15. Bb2 Nb6 16. c4 bxc4 17. dxe5 dxe5 18. Bxe5 c5 19. Bc3 Re6 20. Rb1 Qc7 21. Qc1 Rae8 22. b5 axb5 23.
Rxb5 Bc6 24. Rb1 Qa7 25. Bxf6 Rxf6 26. e5 Rfe6 27. Bf5 R6e7 28. e6 fxe6 29. Bg6 Rd8 30. Ne5 Bd5 31. Qc2 c3 32. Bh7+ Kh8 33. Ng6+ Kxh7 34. Nxe7+ Kh8 35. Ng6+ Kg8 36. Qxc3 Na4 37. Qe3 Qa8 38. Rbc1 Bxg2 39. Qxe6+ 1-0

[Event "32nd Open Cappelle-la-Grande"]
[Site "Cappelle-la-Grande"]
[Date "2016.02.18"]
[Round "7"]
[White "Jussupow, Artur"]
[Black "Bauer, Christian"]
[Result "1/2-1/2"]
[ECO "E33"]
[WhiteElo "2578"]
[BlackElo "2631"]
[PlyCount "40"]
[EventDate "2016.??.??"]
[EventCountry "FRA"]
[TimeControl "40/5400+30:1800+30"]

1. d4 Nf6 2. c4 Nc6 3. Nf3 e6 4. Nc3 Bb4 5. Qc2 d6 6. Bd2 O-O 7. a3 Bxc3 8. Bxc3 Qe7 9. g3 a5 10. b3 e5 11. dxe5 dxe5 12. Bg2 e4 13.
Nd4 e3 14. f3 Nxd4 15. Bxd4 c5 16. Bc3 a4 17. O-O Qe6 18. Rad1 Re8 19. f4 Qa6 20. f5 axb3 1/2-1/2

[Event "32nd Open Cappelle-la-Grande"]
[Site "Cappelle-la-Grande"]
[Date "2016.02.18"]
[Round "7"]
[White "Feller, Sebastien"]
[Black "Miron, Lucian-Costin"]
[Result "1/2-1/2"]
[ECO "C90"]
[WhiteElo "2610"]
[BlackElo "2496"]
[PlyCount "84"]
[EventDate "2016.??.??"]
[EventCountry "FRA"]
[TimeControl "40/5400+30:1800+30"]

1. e4 e5 2. Nf3 Nc6 3. Bb5 a6 4. Ba4 Nf6 5. O-O Be7 6. Re1 b5 7. Bb3 d6 8. a4 Bg4 9. c3 O-O 10. h3 Bh5 11. d3 Na5 12. Bc2 b4 13.
Nbd2 Rb8 14. Nf1 Nd7 15. g4 Bg6 16. Ng3 c5 17. Qe2 Re8 18.
Be3 Nf8 19. d4 exd4 20. cxd4 Bf6 21. Rad1 Qc8 22. dxc5 dxc5 23. Rd5 Ne6 24. h4 h6 25. h5 Bh7 26. e5 Bxc2 27. Qxc2 Qc6 28. Red1 Be7 29. Nf5 Nc7 30. Nxe7+ Rxe7 31. Rd8+ Rxd8 32. Rxd8+ Re8 33. Rxe8+ Nxe8 34. Qxc5 Qxf3 35. Qxa5 Qxg4+ 36.
Kf1 Qd1+ 37. Kg2 Qg4+ 38. Kf1 Qxh5 39. Qxa6 Qd1+ 40. Kg2 Qg4+ 41. Kf1 Qd1+ 42. Kg2 Qg4+ 1/2-1/2

[Event "32nd Open Cappelle-la-Grande"]
[Site "Cappelle-la-Grande"]
[Date "2016.02.18"]
[Round "7"]
[White "Kravtsiv, Martyn"]
[Black "Spraggett, Kevin"]
[Result "1/2-1/2"]
[ECO "B40"]
[WhiteElo "2636"]
[BlackElo "2522"]
[PlyCount "61"]
[EventDate "2016.??.??"]
[EventCountry "FRA"]
[TimeControl "40/5400+30:1800+30"]

1. e4 c5 2. Nf3 e6 3. g3 Nc6 4. Bg2 Nf6 5. Qe2 d5 6. exd5 Nxd5 7. O-O Be7 8.
Rd1 Qb6 9. c3 O-O 10. d4 cxd4 11. Nxd4 Nxd4 12. Rxd4 Re8 13. Rd1 Bd7 14. c4 Qa6 15. b3 Bf6 16. Bb2 Bxb2 17. Qxb2 Nf6 18. Nc3 Bc6 19. Rd6 Red8 20. Rad1 Rxd6 21. Rxd6 Ne8 22. Rd3 Bxg2 23. Kxg2 Qc6+ 24. f3 a6 25. Qd2 b5 26. cxb5 axb5 27. Rd8 Rxd8 28. Qxd8 h6 29. Ne2 Kf8 30. Qa5 Nc7 31. Qb4+ 1/2-1/2

[Event "32nd Open Cappelle-la-Grande"]
[Site "Cappelle-la-Grande"]
[Date "2016.02.18"]
[Round "7"]
[White "Ulybin, Mikhail"]
[Black "Vovk, Andrey"]
[Result "0-1"]
[ECO "D85"]
[WhiteElo "2519"]
[BlackElo "2632"]
[PlyCount "100"]
[EventDate "2016.??.??"]
[EventCountry "FRA"]
[TimeControl "40/5400+30:1800+30"]

1. d4 Nf6 2. c4 g6 3. Nc3 d5 4. cxd5 Nxd5 5. Bd2 Nb6 6. e3 Bg7 7. f4 N8d7 8. b4 Nf6 9. Nf3 Bf5 10. Rc1 O-O 11. Be2 Ne4 12. Nxe4 Bxe4 13. O-O c6 14. a4 h6 15. b5 cxb5 16. axb5 Nd5 17. Ne5 Nf6 18. Qb3 e6 19. Qa3 Nd5 20. Ba5 b6 21. Bd2 Re8 22. Nc6 Qd7 23.
Bd3 Bf8 24. Qb3 Nf6 25. Bxe4 Nxe4 26. Bb4 Bxb4 27. Qxb4 a6 28. bxa6 Rxa6 29. Rc2 Qd6 30. Qxd6 Nxd6 31. Kf2 Ra3 32. Rb1 Ne4+ 33. Kf3 Nc3 34. Re1 Nd5 35. Ne5 b5 36. g3 Rea8 37. Nd7 R8a4 38. Ke4 Rb4 39. Nc5 Kf8 40. h3 Ke7 41. g4 f5+ 42. gxf5 gxf5+ 43. Kf3 Rxd4 44. Kf2 Rc4 45. Rxc4 bxc4 46. e4 Nxf4 47. exf5 Ra5 48. f6+ Kf7 49. Kf3 Rxc5 50. Kxf4 c3 0-1

[Event "32nd Open Cappelle-la-Grande"]
[Site "Cappelle-la-Grande"]
[Date "2016.02.18"]
[Round "7"]
[White "Blomqvist, Erik"]
[Black "Krasenkow, Michal"]
[Result "1/2-1/2"]
[ECO "B33"]
[WhiteElo "2515"]
[BlackElo "2612"]
[PlyCount "68"]
[EventDate "2016.??.??"]
[EventCountry "FRA"]
[TimeControl "40/5400+30:1800+30"]

1. e4 c5 2. Nf3 Nc6 3. d4 cxd4 4. Nxd4 Nf6 5. Nc3 e5 6.
Ndb5 d6 7. Bg5 a6 8. Na3 b5 9. Nd5 Be7 10. Bxf6 Bxf6 11. c3 Ne7 12. Nxf6+ gxf6 13. Bd3 d5 14. Qe2 Be6 15. Nc2 Qb6 16. Ne3 Rd8 17. O-O Rg8 18. Rfd1 dxe4 19. Bxe4 f5 20. Rxd8+ Qxd8 21. Rd1 Qc8 22. Bd5 f4 23. Bxe6 Qxe6 24. Nc2 f5 25. Qf3 Qh6 26. Qb7 Qg5 27. Nb4 e4 28. g3 fxg3 29. hxg3 f4 30. Qxe4 fxg3 31. Qa8+ Kf7 32. Qf3+ Ke8 33. Qa8+ Kf7 34. Qf3+ Ke8 1/2-1/2

[Event "32nd Open Cappelle-la-Grande"]
[Site "Cappelle-la-Grande"]
[Date "2016.02.18"]
[Round "7"]
[White "Troff, Kayden W"]
[Black "Neiksans, Arturs"]
[Result "1-0"]
[ECO "E15"]
[WhiteElo "2511"]
[BlackElo "2607"]
[PlyCount "143"]
[EventDate "2016.??.??"]
[EventCountry "FRA"]
[TimeControl "40/5400+30:1800+30"]

1. d4 Nf6 2. c4 e6 3. Nf3 b6 4. g3 Ba6 5. Qc2 c5 6. d5 exd5 7. cxd5 Bb7 8. Bg2 Nxd5 9. O-O Be7 10. Rd1 Nc6 11. Qa4 Nf6 12. Nh4 O-O 13. Nf5 d5 14. Nc3 Nd4 15. Nxd4 cxd4 16. Rxd4 Bc5 17. Rd3 h6 18. Be3 Re8 19. Bxc5 bxc5 20. Rad1 Qb6 21. Qc2 Rab8 22. Bxd5 Bxd5 23. Nxd5 Qxb2 24. R3d2 Qxc2 25. Nxf6+ gxf6 26. Rxc2 Re7 27. Rd6 Rb6 28.
Rd8+ Kg7 29. Rc8 Ra6 30. R8xc5 Re5 31. R5c4 f5 32. Rf4 Kg6 33. a4 Re4 34. Rxe4 fxe4 35. Rc4 f5 36. Kg2 Kg5 37. h3 Ra5 38. Rc6 Rxa4 39. h4+ Kh5 40. Rf6 Ra2 41. Rxf5+ Kg6 42. Re5 Rxe2 43. Kf1 Ra2 44. Rxe4 h5 45. Re6+ Kg7 46. Re3 Kg6 47. Kg2 a5 48. Kf3 a4 49. Re6+ Kg7 50. Ra6 a3 51. Ke3 Kh7 52. f3 Rg2 53.
Kf4 a2 54. g4 hxg4 55. fxg4 Rb2 56. h5 Kg7 57. Kg5 Rb5+ 58. Kh4 Rb2 59. h6+ Kf7 60. Kh5 Rh2+ 61. Kg5 Re2 62. Ra7+ Re7 63. Rxa2 Re5+ 64. Kf4 Rb5 65. Ra6 Rb1 66. Kg5 Rb5+ 67. Kh4 Rb1 68. Kh5 Rb5+ 69. g5 Rc5 70. Ra8 Rc1 71. g6+ Kf6 72. Rf8+ 1-0